cohdb
Replays
Latest Replays
All Replays
Popular Replays
Top Player Replays
Match Explorer
How It Works
Community
CoH3 Stats
Reddit
Sign in to upload your games and track your stats! →
Sign in with Steam
Match 44789879
Unlisted
Match 44789879
Overview
Messages
Build Orders
End
Panzergrenadier Squad
Selects Battlefield Espionage Battlegroup
Panzergrenadier Squad
250 Light Carrier
Panzergrenadier Squad
Construct Light Support Kompanie
Combat Half-tracks
Forward Retreat Point
Fire Support Elements
Selects Intel Disruption Beacon
Vehicle Survival Package
Construct Panzerarmee Kommand
Panzer III L Medium Tank
Pak 38 Mechanized Group
Emergency Repair Kits
Panzer III L Medium Tank
2.5-tonne Medical Truck
Selects Transfer Depots
Selects Firestorm
Firestorm
Walking Stuka Rocket Launcher
Armored Reserves
Selects 250/3 Funkpanzerwagen
Selects Anti-Tank Incendiary Munitions
Panzer IV Assault Group
Firestorm
Rapid Advance
UH|dun! ツ
UH|ck
UH|XTC
iceman
☆WARLORD☆
artom12
Uber Pwnage
СаХаРоК
0
0
Comments
sign in to comment!
No comments posted yet!